 Dungeon Crawl Stone Soup version 0.19-a0-1740-g0bcaf2e (webtiles) character file.

2520 Alarkh the Slasher (level 9, -18/57 HPs)
             Began as a Mummy Necromancer on Oct 2, 2016.
             Killed from afar by a deep elf mage (60 damage)
             ... with a bolt of fire
             ... in a bailey.
             The game lasted 00:10:58 (4977 turns).

Alarkh the Slasher (Mummy Necromancer)              Turns: 4977, Time: 00:10:59

Health: -18/57     AC:  6    Str: 11    XL:     9   Next: 29%
Magic:  0/18       EV: 17    Int: 17    God:
Gold:   96         SH:  0    Dex: 13    Spells: 3 memorised, 12 levels left

rFire  x . .     SeeInvis .     a - +0 falchion
rCold  + . .     Gourm    .     k - +0 robe
rNeg   + + +     Faith    .     (no shield)
rPois  ∞         Spirit   .     (no helmet)
rElec  .         Dismiss  .     (no cloak)
rCorr  +         Reflect  .     x - +0 pair of gloves
MR     +....     Harm     .     c - +2 pair of boots
Stlth  ++........               (no amulet)
                                s - +5 ring of evasion
                                q - ring of resist corrosion

@: no status effects
A: no food or potions, fire vulnerability, cold resistance 1, negative energy
resistance 3, torment resistance, unbreathing
a: no special abilities


You were in a bailey.
You were not hungry.

You visited 1 branch of the dungeon, and saw 7 of its levels.
You also visited: Bailey.

You collected 261 gold pieces.
You spent 165 gold pieces at shops.

Inventory:

Hand Weapons
 a - a +0 falchion (weapon)
 b - a +1 dagger of venom
 i - a +0 dagger
 u - a +0 quarterstaff
Armour
 c - a +2 pair of boots (worn)
 k - a +0 robe (worn)
 x - a +0 pair of gloves (worn)
Jewellery
 q - a ring of resist corrosion (left hand)
 s - a +5 ring of evasion (right hand)
Wands
 n - a wand of acid (6/15)
 w - a wand of digging (13/24)
 y - a wand of flame (26/48)
Scrolls
 d - a scroll of recharging
 e - a scroll of identify
 f - 3 scrolls of fear
 g - 3 scrolls of amnesia
 h - a scroll of teleportation
 j - 5 scrolls of remove curse
 l - 2 scrolls of enchant armour
 m - 2 scrolls of immolation {unknown}
 o - a scroll of fog
 p - a scroll of random uselessness
 t - a scroll of magic mapping {unknown}
 v - a scroll of enchant weapon {unknown}
Books
 r - a book of Necromancy

   Spells                             Type                      Level
   a - Pain                           Necromancy                   1
   b - Animate Skeleton               Necromancy                   1
   c - Vampiric Draining              Necromancy                   3
   d - Regeneration                   Charms/Necromancy            3
   e - Animate Dead                   Necromancy                   4
   f - Control Undead                 Necromancy                   4


   Skills:
 + Level 7.7 Long Blades
 - Level 1.5 Dodging
 - Level 1.5 Stealth
 - Level 6.0 Spellcasting
 - Level 7.0 Necromancy


You had 12 spell levels left.
You knew the following spells:

 Your Spells              Type           Power        Failure   Level  Hunger
a - Pain                  Necr           ####         1%          1    N/A
b - Vampiric Draining     Necr           ####......   1%          3    N/A
c - Control Undead        Necr           ####......   10%         4    N/A

Dungeon Overview and Level Annotations

Branches:
Dungeon (7/15)
 Temple: D:4-7

Altars:
Dithmenos
Uskayaw

Shops:
D:4 *   D:5 %   D:7 [


Innate Abilities, Weirdness & Mutations

You do not eat or drink.
Your flesh is vulnerable to fire.
You are immune to poison.
Your flesh is cold resistant. (rC+)
You are immune to negative energy. (rN+++)
You are immune to unholy pain and torment.
You can survive without breathing.


Message History

You closely miss the deep elf mage.
The deep elf mage is almost dead.
You hear a shout!
Casting: Vampiric Draining
Confirm with . or Enter, or press ? or * to list all spells.
Aiming: Pain
Press: ? - help, Shift-Dir - straight line, f/p - deep elf mage
Aim: a deep elf mage, wielding a long sword and wearing a leather armour (almost dead, chance to defeat MR: 71%)
The deep elf mage struggles to resist.
The deep elf mage hits you with a long sword.
You barely miss the deep elf mage.
The deep elf mage is almost dead.
The deep elf mage misses you.
You riposte.
You barely miss the deep elf mage.
The deep elf mage is almost dead.
You hit the deep elf mage but do no damage.
The deep elf mage is almost dead.
The deep elf mage points at you and mumbles some strange words.
The bolt of fire hits you! The fire burns you terribly!
Ouch! That really hurt!
You die...

#..∩..##..##
#.....#....#
##...##....#
####'##..##
##...###
#..)..#
#..∩..#
#.....#
#@...##
#e##### ..#
.... #....
#.... ##..
.##


You could see a deep elf mage.

Vanquished Creatures
  2 deep elf magi (Bailey)
  A hippogriff (D:4)
  A water moccasin (D:6)
  An ice beast (D:6)
  2 sky beasts
  A black bear (D:7)
  2 centaurs
  2 ogres (D:4)
  A big kobold (D:3)
  A howler monkey (D:6)
  2 crimson imps (D:6)
  A centaur zombie (D:5)
  An orc priest (D:5)
  An orc wizard (D:5)
  Jessica (D:2)
  Ijyb (D:2)
  An iguana (D:4)
  7 worker ants
  6 gnolls
  2 adders
  A shadow imp (D:6)
  An ooze (D:3)
  An adder skeleton (D:4)
  2 worms
  A dart slug (D:1)
  3 leopard geckos
  5 orcs
  6 bats
  6 giant cockroaches
  4 goblins
  4 hobgoblins
  12 jackals
  4 quokkas
  A ball python (D:3)
  3 frilled lizards (D:1)
  4 kobolds (D:1)
  A leopard gecko skeleton (D:4)
  A quokka zombie (D:6)
  4 rats
101 creatures vanquished.

Vanquished Creatures (others)
  An orc wizard (D:6)
1 creature vanquished.

Grand Total: 102 creatures vanquished

Notes
Turn   | Place    | Note
-------+----------+-------------------------------------------
     0 | D:1      | Alarkh the Mummy Necromancer began the quest for the Orb.
     0 | D:1      | Reached XP level 1. HP: 13/13 MP: 3/3
   464 | D:1      | Reached XP level 2. HP: 19/19 MP: 1/5
  1018 | D:2      | Reached XP level 3. HP: 21/24 MP: 0/7
  1188 | D:2      | Noticed Jessica
  1342 | D:2      | Killed Jessica
  1342 | D:2      | Reached XP level 4. HP: 30/30 MP: 5/9
  1397 | D:2      | Noticed Ijyb
  1407 | D:2      | Killed Ijyb
  1413 | D:2      | Learned a level 3 spell: Vampiric Draining
  1418 | D:2      | Learned a level 4 spell: Control Undead
  1658 | D:3      | Reached skill level 5 in Necromancy
  1676 | D:3      | Found a shadowy altar of Dithmenos.
  1895 | D:3      | Noticed a big kobold
  1904 | D:3      | Killed a big kobold
  1904 | D:3      | Reached XP level 5. HP: 19/35 MP: 2/11
  2265 | D:4      | Found Fablu's Assorted Antiques.
  2271 | D:4      | Bought a scroll of identify for 48 gold pieces
  2271 | D:4      | Bought a scroll labeled KAOHUCZ VIHORR for 24 gold pieces
  2271 | D:4      | Bought a scroll of identify for 48 gold pieces
  2276 | D:4      | Noticed a hippogriff
  2295 | D:4      | Killed a hippogriff
  2295 | D:4      | Reached XP level 6. HP: 10/41 MP: 0/13
  2318 | D:3      | Reached skill level 5 in Spellcasting
  2876 | D:4      | Reached XP level 7. HP: 17/46 MP: 6/14
  3492 | D:5      | Entered Level 5 of the Dungeon
  3876 | D:5      | Reached skill level 1 in Long Blades
  3974 | D:5      | Found Cutiat's Food Shop.
  4195 | D:6      | Reached XP level 8. HP: 50/52 MP: 17/17
  4436 | D:6      | Reached skill level 5 in Long Blades
  4595 | D:6      | You fall through a shaft!
  4682 | D:7      | Found Diphirua's Armour Emporium.
  4689 | D:7      | Bought a +0 pair of gloves for 45 gold pieces
  4697 | D:7      | Found a hide-covered altar of Uskayaw.
  4784 | D:7      | Found a flagged portal.
  4802 | Bailey   | Entered a bailey
  4808 | Bailey   | Noticed a deep elf mage
  4819 | Bailey   | Killed a deep elf mage
  4819 | Bailey   | Reached XP level 9. HP: 33/57 MP: 0/18
  4946 | Bailey   | Noticed a deep elf mage
  4950 | Bailey   | Noticed a deep elf mage
  4953 | Bailey   | Noticed a deep elf mage
  4955 | Bailey   | Killed a deep elf mage
  4977 | Bailey   | Killed from afar by a deep elf mage

Vault maps used:
D:1:      lightli_arrival_chessboard
D:2:      uniq_iyjb, uniq_jessica
D:3:      minivault_24, grunt_dithmenos_smoke_and_mirrors
D:4:      first_bread, serial_shops, shop
D:5:      serial_shops, shop, hangedman_abyss_or_decor_stabs, eino_tiny_chamber
D:7:      enter_ossuary_3, serial_shops,
          nicolae_shop_temple_entry_statues_fountains, basic_altar,
          enter_bailey_7, grunt_ogre_cave, uniq_duvessa
Bailey:   bailey_polearm_3, bailey

Skill      XL: |  1  2  3  4  5  6  7  8 |
---------------+-------------------------+-----
Spellcasting   | 3 4 5 6 |  6.0
Necromancy     | 5 6 7 |  7.0
Long Blades    | 2 7 |  7.7
Dodging        | |  1.5
Stealth        | |  1.5

Action                   |  1- 3 |  4- 6 |  7- 9 || total
-------------------------+-------+-------+-------++-------
Melee: Unarmed           |    23 |       |       ||    23
       Dagger            |    21 |       |       ||    21
       Quarterstaff      |       |    24 |    12 ||    36
       Falchion          |       |       |   147 ||   147
 Cast: Pain              |    58 |    75 |   129 ||   262
       Vampiric Draining |       |     2 |    15 ||    17
Evoke: Wand              |       |     1 |     2 ||     3
  Use: Scroll            |     3 |     5 |     1 ||     9
 Stab: Sleeping          |       |     3 |       ||     3
Armor: Robe              |    24 |    19 |    37 ||    80
Dodge: Dodged            |    66 |    37 |   154 ||   257
